 Dungeon Crawl Stone Soup version 0.26-a0-712-ga5a9c9c9d0 (webtiles) character file.

Game seed: 5757668417707585199

2172 dickylongcocking the Covert (level 9, -2/43 HPs)
             Began as a Spriggan Delver on Nov 1, 2020.
             Was a Priest of Dithmenos.
             Slain by an orc priest
             ... wielding a +0 flail
              (9 damage)
             ... on level 6 of the Dungeon.
             The game lasted 00:12:08 (10720 turns).

dickylongcocking the Covert (Spriggan Delver)      Turns: 10720, Time: 00:12:08

Health: -2/43      AC:  5    Str: 11    XL:     9   Next: 11%
Magic:  10/10      EV: 26    Int: 11    God:    Dithmenos [***...]
Gold:   127        SH:  0    Dex: 24    Spells: 8/8 levels left

rFire    . . .     SeeInvis +   m - +3 dagger
rCold    . . .     Faith    +   (shield restricted)
rNeg     . . .     Spirit   .   b - +0 robe
rPois    .         Reflect  .   (helmet restricted)
rElec    .         Harm     .   C - +0 cloak
rCorr    .         Rampage  .   (gloves unavailable)
MR       ++...                  (boots unavailable)
Stlth    +++++++...             q - amulet of faith
HPRegen  0.14/turn              o - ring of protection from magic
MPRegen  0.12/turn              s - +6 ring of dexterity

@: wreathed by umbra, very quick
A: very small, unfitting armour, slimy green scales 1, see invisible, speed 3,
screaming 1
a: Shadow Step, Renounce Religion


You were on level 6 of the Dungeon.
You worshipped Dithmenos.
Dithmenos was most pleased with you.
You visited 2 branches of the dungeon, and saw 8 of its levels.

You collected 427 gold pieces.
You spent 300 gold pieces at shops.

Inventory:

Hand Weapons
 a - a +0 short sword
 i - a +0 hunting sling
 m - a +3 dagger (weapon)
Missiles
 j - 257 stones (quivered)
 y - 44 sling bullets
Armour
 b - a +0 robe (worn)
 C - a +0 cloak (worn)
Jewellery
 o - a ring of protection from magic (left hand)
 q - an amulet of faith (around neck)
 s - a +6 ring of dexterity (right hand)
 A - a cursed amulet of inaccuracy {unknown}
Wands
 g - a wand of digging (3)
 h - a wand of polymorph (8)
 E - a wand of enslavement (5)
Scrolls
 c - 3 scrolls of fog
 d - 2 scrolls of magic mapping
 e - 3 scrolls of fear
 k - 5 scrolls of remove curse {unknown}
 l - 2 scrolls of enchant armour {unknown}
 n - 12 scrolls of identify {unknown}
 p - 2 scrolls of immolation {unknown}
 r - 2 scrolls of blinking {unknown}
 t - 3 scrolls of teleportation {unknown}
 u - 2 scrolls of amnesia {unknown}
 D - a scroll of enchant weapon {unknown}
Potions
 f - 2 potions of haste
 v - 2 potions of heal wounds {unknown}
 w - 2 potions of berserk rage
 x - a potion of cancellation {unknown}
 B - 2 potions of degeneration
 F - a potion of curing
Miscellaneous
 z - a condenser vane (1/2)


   Skills:
 - Level 2.4 Fighting
 - Level 9.4 Short Blades
 - Level 3.8 Slings
 * Level 8.4 Dodging
 * Level 10.0 Stealth
 * Level 4.3 Evocations


You had 8 spell levels left.
You didn't know any spells.
Your spell library was empty.

Dungeon Overview and Level Annotations

Branches:
Dungeon (7/15)             Temple (1/1) D:4

Altars:
Ashenzari
Cheibriados
Dithmenos
Elyvilon
Fedhas
Gozag
Hepliaklqana
Nemelex Xobeh
Qazlal
Ru
Sif Muna
Trog
Uskayaw
Vehumet
Wu Jian
Yredelemnul
Zin
The Shining One

Shops:
D:6 }


Innate Abilities, Weirdness & Mutations

You are very small and have problems with some larger weapons.
You are too small for most types of armour.
You have supernaturally acute eyesight. (SInv)
You cover ground extremely quickly.
You are partially covered in slimy green scales. (AC +2)
You occasionally shout uncontrollably at your foes.


Message History

The orc priest is lightly wounded.
The white imp hits you. The white imp freezes you.
You hit the orc priest.
The orc priest is heavily wounded.
The orc priest hits you with a +0 flail!
* * * LOW HITPOINT WARNING * * *
You hit the orc priest.
The orc priest is severely wounded.
The white imp closely misses you.
You hit the orc priest but do no damage.
The orc priest is severely wounded.
The orc priest misses you.
You hit the orc priest but do no damage.
The orc priest is severely wounded.
The white imp completely misses you.
Unknown command.
You barely miss the orc priest.
The orc priest is severely wounded.
The orc priest hits you with a +0 flail!
You die...

#...##.......# #.#...#
#.#######.#### #.##..# #.# #.#
#.....# #.## #.#########.## #..#
#........##<###### #..#
########.##......# ...#
####.......###.#####
...########.....5[)..##......##
................@o...#.....#..##
.########......##.8..#...#.....#
## #.#.##.......#...###..## #
#.#.......<#.....###..### #
##.########.###........... #
#...# #∩###.########## ## #...#
#.....##### # .## #...#
###8........######
..######...#####....)...##......#


You could see an orc priest and a white imp.

Vanquished Creatures
  2 ice beasts (D:6)
  3 phantoms
  A necrophage (D:6)
  2 ogres
  3 centaurs
  4 bullfrogs (D:6)
  A scorpion (D:5)
  5 hounds
  A gnoll shaman (D:5)
  2 orc priests (D:5)
  A bullfrog skeleton (D:5)
  4 orc wizards
  6 worker ants
  2 hound skeletons
  A worker ant zombie (D:5)
  17 gnolls
  A howler monkey skeleton (D:6)
  14 adders
  2 shadow imps (D:6)
  2 ufetubi
  2 oozes
  2 adder skeletons (D:6)
  2 worms
  2 dart slugs (D:3)
  4 leopard geckos
  17 orcs
  11 bats
  11 giant cockroaches
  3 hobgoblins
  9 jackals
  8 kobolds
  A quokka (D:6)
  5 frilled lizards
  7 goblins
  A leopard gecko skeleton (D:4)
  A leopard gecko zombie (D:5)
  A quokka zombie (D:5)
  13 rats
174 creatures vanquished.

Vanquished Creatures (collateral kills)
  An orc wizard (D:4)
  An ufetubus (D:5)
  4 orcs
  A jackal skeleton (D:4)
7 creatures vanquished.

Vanquished Creatures (others)
  A jelly (D:5)
  A worker ant (D:4)
2 creatures vanquished.

Grand Total: 183 creatures vanquished

Notes
Turn   | Place    | Note
-------+----------+-------------------------------------------
     0 | D:5      | dickylongcocking the Spriggan Delver began the quest for
                  | the Orb.
     0 | D:5      | Reached XP level 1. HP: 11/11 MP: 2/2
     8 | D:5      | Reached XP level 2. HP: 16/16 MP: 3/3
    76 | D:4      | Noticed a scorpion
   100 | D:4      | Reached skill level 1 in Evocations
   100 | D:4      | Reached XP level 3. HP: 19/19 MP: 4/4
   488 | D:3      | Noticed a phantom
   590 | D:2      | Reached XP level 4. HP: 22/23 MP: 5/5
  1041 | D:3      | Found a basalt altar of Yredelemnul.
  1921 | D:2      | Reached skill level 1 in Slings
  1989 | D:2      | Reached XP level 5. HP: 27/27 MP: 6/6
  2646 | D:2      | Found a snail-covered altar of Cheibriados.
  2738 | D:2      | Reached skill level 5 in Short Blades
  3384 | D:2      | Found a faded altar of an unknown god.
  4315 | D:3      | Killed a phantom
  4315 | D:3      | Reached XP level 6. HP: 32/32 MP: 7/7
  5307 | D:4      | Found a staircase to the Ecumenical Temple.
  5320 | Temple   | Entered the Ecumenical Temple
  5612 | Temple   | Became a worshipper of Dithmenos the Shadowed
  5737 | D:4      | Reached XP level 7. HP: 18/35 MP: 8/8
  6638 | D:4      | Found a glowing golden altar of the Shining One.
  6813 | D:5      | Found an opulent altar of Gozag.
  6831 | D:5      | Gained mutation: You occasionally shout uncontrollably at
                  | your foes. [potion of mutation]
  6831 | D:5      | Gained mutation: You are partially covered in slimy green
                  | scales. (AC +2) [potion of mutation]
  6853 | D:5      | Reached * piety under Dithmenos
  8561 | D:5      | Reached ** piety under Dithmenos
  8561 | D:5      | Reached XP level 8. HP: 39/39 MP: 9/9
  9322 | D:5      | Reached skill level 5 in Dodging
  9505 | D:6      | Found Uveuhemm's Gadget Shop.
  9514 | D:6      | Bought a condenser vane (2/2) for 300 gold pieces
  9723 | D:6      | Reached skill level 8 in Stealth
  9838 | D:6      | Reached skill level 9 in Stealth
  9986 | D:6      | Found a broken altar of Ashenzari.
 10220 | D:6      | Found a shimmering blue altar of Sif Muna.
 10381 | D:6      | Reached XP level 9. HP: 30/43 MP: 10/10
 10650 | D:6      | Reached skill level 10 in Stealth
 10706 | D:7      | Noticed a troll
 10713 | D:6      | Reached *** piety under Dithmenos
 10720 | D:6      | Slain by an orc priest

Illustrated notes

Levels and vault maps discovered:
D:1:      mushboom_english_gardens, layout_basic
D:2:      layout_basic, lemuel_round_altar, chequers_ecumenical_altar_island,
          minmay_fractal_squares_5
D:3:      layout_basic, yredelemnul_altar_generic
D:4:      layout_rooms, kennysheep_mini, minmay_temple_entry_grid,
          gup_sewer_entry_pipe
D:5:      layout_loops_ring, nicolae_gozag_cash_rules_everything_around_me,
          minmay_joined_circles
D:6:      layout_loops_cross, ashenzari_altar_1, led_sif_pool, serial_shops,
          shop_statue, hangedman_abyss_or_decor_stagger
D:7:      cheibrodos_fzero, layout_basic, nicolae_qazlal_eye_of_the_storm
Temple:   minmay_temple_bridge_abc

Skill      XL: |  1  2  3  4  5  6  7  8  9 |
---------------+----------------------------+-----
Short Blades   | 3 4 5 7 9 |  9.4
Evocations     | 1 2 3 4 |  4.3
Slings         | 1 3 |  3.8
Dodging        | 8 |  8.4
Stealth        | 9 10 | 10.0
Fighting       | |  2.4

Action                   |  1- 3 |  4- 6 |  7- 9 || total
-------------------------+-------+-------+-------++-------
Melee: Short sword       |    41 |   266 |    26 ||   333
       Dagger            |       |       |   481 ||   481
 Fire: Hunting sling     |       |   150 |    20 ||   170
Evoke: Wand              |       |     9 |    11 ||    20
       Condenser vane    |       |       |     2 ||     2
  Use: Potion            |       |     1 |     6 ||     7
 Stab: Sleeping          |     6 |    11 |     9 ||    26
       Distracted        |       |     1 |       ||     1
       Paralysed         |       |     2 |     2 ||     4
Armor: Robe              |     3 |    27 |    26 ||    56
Dodge: Dodged            |    41 |   240 |   372 ||   653

Table legend: (Time is in decaauts)
 A = Elapsed time spent in this place.
 B = Non-inter-level travel time spent in this place.
 C = Inter-level travel time spent in this place.
 D = Time resting spent in this place.
 E = Time spent auto-exploring this place.
 F = Levels seen in this place.
 G = Mean time per level.
                   A        B        C        D        E       F      G
               +--------+--------+--------+--------+--------+-----+--------+
         Total |   8636 |   8515 |    121 |   2745 |   4153 |   8 | 1079.5 |
       Dungeon |   8349 |   8240 |    109 |   2510 |   4153 |   7 | 1192.7 |
        Temple |    286 |    274 |     12 |    234 |      0 |   1 |  286.0 |
               +--------+--------+--------+--------+--------+-----+--------+

Top non-repeatable levels by time:
     D:4: 1844 daAuts
     D:5: 1749 daAuts
     D:2: 1680 daAuts
     D:3: 1547 daAuts
     D:6: 946 daAuts
     D:1: 555 daAuts
  Temple: 286 daAuts
     D:7: 25 daAuts
